Map: Dusk Towers

Players

gnarwhal

  • Race: Zerg Zerg
  • League: Diamond

LilDicky - Winner!

  • Race: Terran Terran
  • League: Diamond

VOD

http://www.twitch.tv/tumescentpie

Description

Time

  • Played on: Dec. 3, 2015, 11:44 a.m.
  • Length: 25:02
Show
View Real Time Build Order
Export as new Build Order

gnarwhal Zerg 

Build Orders: Hatch First, Muta Ling Bane 

Get SALT Encoding   

  12  0:00  Drone  
  13  0:10  Drone  
  14  0:14  Extractor  
  14  0:18  Extractor  
  14  0:20  Drone  
  13  0:23  Drone  
  16  0:30  Overlord  
  16  0:49  Drone x2  
  18  1:02  Hatchery  
  17  1:04  Extractor  
  17  1:05  Drone  
  17  1:11  Drone  
  18  1:21  Spawning Pool  
  17  1:26  Drone  
  17  1:27  Drone  
  19  1:37  Drone  
  20  1:44  Evolution Chamber  
  19  1:50  Drone  
  20  1:58  Overlord  
  20  2:08  Queen  
  22  2:16  Drone x2  
  22  2:17  Queen  
  26  2:31  Zergling x2  
  26  2:33  Zergling x2  
  28  2:42  Spore Crawler  
  27  2:51  Spore Crawler  
  26  3:10  Drone  
  26  3:11  Drone x5  
  32  3:19  Hatchery  
  31  3:23  Drone x2  
  31  3:24  Lair  
  33  3:28  Extractor x2  
  33  3:33  Drone  
  33  3:34  Drone  
  33  3:38  Metabolic Boost  
  33  3:42  Drone  
  33  3:44  Drone  
  35  3:52  Drone  
  36  4:13  Overlord x3  
  36  4:17  Zerg Melee Weapons Level 1  
  35  4:29  Drone, Spire  
  35  4:32  Queen  
  35  4:34  Drone x2  
  35  4:35  Drone  
  40  4:38  Drone  
  40  4:45  Drone x3  
  43  4:48  Drone  
  45  4:54  Zergling x4  
  45  4:56  Zergling x2  
  48  5:04  Overseer  
  48  5:06  Zergling x8  
  52  5:08  Zergling x2  
  52  5:14  Drone x3  
  55  5:16  Drone  
  55  5:17  Overseer  
  57  5:22  Drone x2  
  57  5:23  Drone  
  60  5:33  Overlord x2  
  60  5:44  Mutalisk  
  60  5:45  Mutalisk x2  
  66  5:52  Mutalisk x3  
  66  5:53  Mutalisk  
  74  5:59  Drone x3  
  74  6:00  Drone  
  74  6:01  Drone  
  79  6:05  Drone x3  
  82  6:17  Extractor  
  81  6:29  Zerg Ground Armor Level 1  
  81  6:30  Overlord x2  
  81  6:31  Zerg Flyer Weapons Level 1  
  81  6:32  Hatchery  
  80  6:38  Overseer  
  80  6:42  Baneling Nest, Extractor  
  80  6:43  Extractor  
  77  6:49  Drone  
  77  6:50  Drone x10  
  88  7:03  Overseer  
  88  7:07  Infestation Pit  
  87  7:16  Mutalisk  
  87  7:19  Overlord x2  
  87  7:20  Overlord x2  
  89  7:27  Centrifical Hooks  
  89  7:29  Baneling  
  89  7:30  Baneling x3  
  89  7:31  Zergling x2  
  90  7:40  Zergling x14  
  90  7:41  Zergling x12  
  103  7:58  Queen  
  103  8:00  Hive  
  103  8:03  Zergling x22  
  103  8:05  Baneling  
  116  8:06  Baneling x4  
  116  8:23  Evolution Chamber x2, Zerg Melee Weapons Level 2  
  116  8:24  Evolution Chamber  
  113  8:27  Drone  
  113  8:28  Drone x10  
  113  8:30  Drone  
  113  8:31  Drone  
  113  8:33  Drone  
  127  8:54  Extractor  
  126  9:08  Overlord x4  
  126  9:28  Ultralisk Cavern  
  126  9:30  Baneling x6  
  125  9:31  Viper  
  125  9:32  Viper x4  
  140  9:45  Overseer  
  140  9:46  Overseer x3  
  140  9:48  Zergling x14  
  140  9:49  Zergling x10  
  152  10:01  Hatchery  
  151  10:12  Hatchery, Overlord x5  
  151  10:13  Overlord  
  150  10:21  Chitinous Plating  
  150  10:30  Ultralisk x2  
  150  10:31  Ultralisk  
  150  10:32  Ultralisk  
  174  10:38  Zerg Ground Armor Level 2  
  174  10:51  Overseer x2  
  174  10:53  Ultralisk x2  
  177  11:43  Zergling x16  
  177  11:44  Zergling x34  
  196  12:21  Baneling x8  
  196  12:22  Baneling x12  
  196  12:25  Queen  
  195  12:55  Zerg Melee Weapons Level 3  
  194  13:05  Greater Spire  
  194  13:23  Hatchery  
  193  13:37  Extractor  
  193  13:40  Spawning Pool  
  188  13:47  Ultralisk x2  
  188  14:12  Ultralisk x3  
  188  14:14  Ultralisk  
  197  14:36  Extractor  
  182  15:32  Mutalisk x7  
  182  15:33  Mutalisk  
  198  15:42  Spawning Pool  
  187  16:06  Mutalisk  
  187  16:07  Mutalisk x5  
  199  16:23  Extractor  
  156  16:51  Ultralisk x3  
  156  16:52  Ultralisk x6  
  156  16:53  Zergling x2  
  198  16:54  Zergling x8  
  200  17:19  Pneumatized Carapace  
  200  17:23  Overlord  
  200  17:24  Overlord x8  
  200  17:25  Overlord x3  
  152  17:49  Zergling x6  
  152  17:50  Zergling x34  
  154  18:19  Zergling x2  
  127  18:20  Zergling x22  
  126  18:31  Hatchery  
  122  18:37  Zergling x2  
  122  18:38  Zergling x22  
  130  18:47  Zergling x2  
  130  18:48  Zergling x8  
  106  19:02  Zergling x2  
  106  19:03  Zergling x10  
  106  19:05  Mutalisk  
  106  19:06  Mutalisk x3  
  106  19:09  Queen  
  110  19:12  Mutalisk  
  109  19:20  Hatchery  
  104  19:27  Zergling x2  
  104  19:28  Zergling x16  
  80  19:46  Ultralisk x2  
  80  19:47  Ultralisk x3  
  80  19:49  Queen  
  127  20:05  Mutalisk, Queen  
  127  20:06  Mutalisk  
  131  20:21  Extractor  
  131  20:23  Mutalisk x3  
  131  20:24  Mutalisk x7, Extractor  
  125  20:36  Mutalisk  
  111  21:02  Zergling x2  
  111  21:03  Zergling x52  
  111  21:04  Zergling x6  
  93  21:22  Zergling x2  
  93  21:23  Zergling x10  
  96  21:36  Mutalisk  
  45  22:24  Zergling x4  
  45  22:25  Zergling x16  
  55  22:31  Overseer  
  55  22:47  Mutalisk x2  
  59  22:56  Baneling  
  59  22:57  Baneling x5  
  59  22:59  Baneling  
  59  23:01  Baneling  
  59  23:03  Baneling  
  59  23:04  Baneling  
  58  23:29  Zergling x2  
  58  23:30  Zergling x10  
  63  23:51  Mutalisk x3  
  67  24:03  Mutalisk  
  67  24:04  Mutalisk  
  71  24:17  Mutalisk  
  73  24:26  Mutalisk  
  73  24:27  Mutalisk  
  77  24:34  Zergling x2  
  77  24:35  Zergling x2  
Show
View Real Time Build Order
Export as new Build Order

LilDicky Terran - Winner!

Build Orders: Bio Tank, MMM Bio 

Get SALT Encoding   

  12  0:02  SCV  
  13  0:14  SCV  
  13  0:19  Supply Depot  
  14  0:27  SCV  
  15  0:33  Refinery  
  15  0:41  SCV  
  16  0:45  Barracks  
  16  0:53  SCV  
  17  1:05  SCV  
  18  1:17  SCV  
  19  1:29  SCV  
  20  1:33  Reaper  
  21  1:41  Orbital Command  
  21  1:51  Command Center  
  21  2:02  Factory  
  21  2:06  Refinery  
  22  2:09  Marine  
  22  2:13  Supply Depot  
  22  2:16  SCV  
  23  2:33  Barracks Tech Lab  
  23  2:34  SCV  
  24  2:46  SCV  
  25  2:58  SCV  
  25  3:11  Command Center  
  25  3:13  Barracks Reactor  
  25  3:23  SCV  
  27  3:28  Siege Tank  
  27  3:30  Orbital Command  
  27  3:33  Refinery  
  29  3:35  SCV  
  30  3:47  SCV  
  31  3:51  Starport, Marine x2  
  33  3:55  Supply Depot  
  33  3:57  SCV  
  33  4:00  SCV, Siege Tank  
  38  4:09  Marine x2  
  40  4:13  Liberator  
  40  4:24  Orbital Command  
  40  4:27  SCV x2  
  40  4:29  Supply Depot  
  45  4:31  Marine x2  
  47  4:38  Refinery  
  47  4:39  SCV  
  47  4:40  Siege Tank  
  51  4:49  Orbital Command  
  51  4:51  Marine x2  
  51  4:52  SCV  
  54  5:04  Supply Depot  
  54  5:13  Liberator  
  54  5:18  Liberator  
  54  5:28  Engineering Bay  
  54  5:29  Barracks Reactor  
  54  5:31  Engineering Bay, Barracks  
  54  5:32  Barracks  
  54  5:33  Barracks  
  57  5:40  Siege Tank  
  63  5:51  SCV x2  
  63  5:53  SCV  
  66  6:03  SCV x2  
  68  6:05  SCV  
  69  6:15  SCV x2  
  69  6:17  SCV  
  72  6:20  Refinery  
  72  6:23  Barracks Tech Lab  
  72  6:24  Supply Depot, Barracks Tech Lab  
  72  6:27  SCV x2  
  72  6:29  SCV  
  75  6:33  Supply Depot, Siege Tank  
  75  6:38  Terran Infantry Armor Level 1  
  75  6:39  SCV x2  
  80  6:41  Terran Infantry Weapons Level 1, SCV  
  80  6:43  Combat Shields, Stimpack  
  80  6:44  Marine x2  
  83  6:49  Barracks  
  83  6:51  SCV x2  
  83  6:52  Barracks  
  84  6:54  Supply Depot  
  81  7:02  Marine  
  81  7:03  Missile Turret  
  81  7:06  Missile Turret  
  81  7:07  Missile Turret  
  81  7:08  Marine  
  83  7:11  Missile Turret  
  83  7:16  Missile Turret  
  83  7:20  Marine  
  84  7:22  Missile Turret  
  84  7:25  Marine  
  84  7:27  SCV x2  
  84  7:29  Missile Turret  
  87  7:38  Barracks Reactor, Marine  
  87  7:40  Barracks Reactor, Marine  
  87  7:41  Liberator x2, Marine  
  87  7:43  Marine  
  91  7:45  Armory  
  91  7:48  SCV  
  91  7:50  Missile Turret  
  92  7:51  Missile Turret  
  92  7:52  Supply Depot  
  92  7:54  Refinery  
  95  8:01  SCV x2  
  100  8:08  SCV, Marine  
  100  8:09  Marine x3  
  100  8:10  Missile Turret  
  105  8:13  SCV  
  105  8:14  Cyclone  
  105  8:16  SCV  
  110  8:20  SCV  
  110  8:23  Supply Depot  
  110  8:25  SCV  
  110  8:26  Marine  
  113  8:28  SCV  
  113  8:32  SCV  
  113  8:33  Missile Turret  
  115  8:40  Marine x2  
  117  8:41  Missile Turret  
  117  8:43  Terran Infantry Weapons Level 2  
  117  8:44  Missile Turret  
  117  8:45  Marine x4  
  121  8:54  Supply Depot, Marine x2  
  123  8:58  Marine x2  
  123  9:00  Terran Vehicle And Ship Armor Level 1  
  125  9:02  Supply Depot, Marine x3  
  125  9:05  SCV  
  125  9:06  SCV x2  
  125  9:07  Marine, Terran Infantry Armor Level 2  
  132  9:12  Marine  
  132  9:14  Missile Turret  
  133  9:21  Marine x3  
  133  9:22  Marauder x2  
  133  9:23  SCV  
  141  9:24  SCV  
  141  9:26  Marine  
  141  9:28  SCV, Supply Depot  
  144  9:38  SCV  
  145  9:43  Command Center, Marauder  
  145  9:45  Marine x2  
  148  9:49  Marine x4  
  153  9:55  Supply Depot x2  
  153  9:58  Marine  
  153  9:59  Supply Depot, Missile Turret  
  154  10:00  Medivac  
  154  10:03  Medivac, Marine x2  
  154  10:04  SCV  
  161  10:13  Starport  
  161  10:16  Marine x3  
  161  10:17  Marine x3  
  161  10:18  Supply Depot  
  167  10:24  Marine  
  167  10:28  Supply Depot, Marine  
  168  10:35  Medivac x2  
  171  10:39  Marine x2  
  171  10:40  Marauder x2  
  179  10:44  Marine x2  
  181  11:02  Marauder x2  
  185  11:07  SCV  
  186  11:17  Marine  
  186  11:18  Marine x4  
  190  11:19  Missile Turret x4  
  190  11:20  Missile Turret  
  190  11:21  Missile Turret  
  190  11:23  Marauder x2  
  188  11:44  Marauder  
  167  12:18  Marine  
  167  12:19  Marine  
  167  12:20  Marauder x2  
  169  12:23  Marine, Liberator x2  
  169  12:24  Marine x3  
  173  12:36  Marine  
  174  12:37  Marine  
  174  12:39  Starport Reactor  
  174  12:41  Marauder, Marine x2  
  174  12:42  Marine x3  
  177  12:54  Thor, Marine x2  
  185  12:59  Marauder, Marine x4  
  185  13:03  Planetary Fortress, Marauder  
  193  13:07  Supply Depot  
  193  13:10  Supply Depot  
  193  13:12  Marine x2  
  194  13:15  Supply Depot  
  194  13:17  Supply Depot, Marine x4  
  194  13:18  Supply Depot  
  199  13:20  Marine  
  199  13:50  Marine  
  199  13:51  Marine x2  
  199  13:52  Marauder x2  
  199  13:54  Marine  
  192  13:56  Medivac  
  192  13:57  Medivac x3  
  192  14:01  Refinery x2  
  198  14:12  Marine  
  198  14:13  Command Center, Terran Infantry Weapons Level 3, Terran Infantry Armor Level 3, Marauder x2  
  198  14:14  Marine x2  
  180  14:21  Marine  
  180  14:22  Marine x2  
  181  14:30  Marine  
  182  14:32  Marine x2  
  182  14:34  Marine x2  
  186  14:39  Marine x3  
  189  14:48  Marine  
  189  14:50  Marine  
  189  14:52  Marauder x2  
  195  14:54  Command Center  
  195  15:01  Command Center  
  194  15:14  Marauder x2  
  181  15:30  Liberator x2  
  181  15:35  Marauder x2  
  182  15:44  Marine  
  182  15:45  Marine x5  
  182  15:47  Medivac  
  182  15:48  Medivac  
  198  15:56  Marauder x2  
  198  16:02  Marine  
  198  16:03  Marine x4  
  189  16:06  Orbital Command  
  189  16:10  Refinery  
  189  16:13  Orbital Command  
  189  16:15  Refinery  
  189  16:18  Marauder x2  
  193  16:21  Barracks  
  193  16:22  Barracks  
  193  16:25  Ghost Academy, Barracks  
  193  16:26  Barracks  
  193  16:28  Barracks  
  165  16:48  Liberator x2  
  153  16:56  Marine  
  153  16:59  Marine x7  
  161  17:06  Siege Tank  
  170  17:14  Marine  
  171  17:16  Marine  
  171  17:17  Marine x4  
  171  17:18  Marauder  
  167  17:39  Liberator  
  111  17:45  Marine x5  
  111  17:46  Marine x3  
  111  17:47  Medivac x2  
  111  17:48  Medivac  
  107  17:56  SCV  
  107  17:57  SCV  
  109  18:00  Liberator  
  109  18:03  Marine x8  
  84  18:20  Marine  
  84  18:21  Marine x5  
  84  18:22  Marauder x2  
  73  18:38  Marine  
  73  18:39  Marine x5  
  58  18:43  Marauder, Marine  
  58  18:47  Liberator x3  
  61  18:56  Marine  
  61  18:57  Marine x5  
  61  19:00  Liberator  
  61  19:01  Marauder  
  64  19:05  Marauder  
  75  19:14  Marine x4  
  75  19:15  Marine  
  75  19:16  Marine  
  72  19:22  Marauder  
  70  19:26  Marauder  
  72  19:32  Marine x4  
  72  19:34  Marine  
  75  19:43  Marine  
  75  19:47  Marine  
  75  19:49  Marine  
  75  19:50  Marine x3  
  75  19:51  Marine  
  81  20:01  Marine  
  81  20:05  Marauder  
  84  20:07  Marine  
  84  20:08  Marine x3  
  84  20:09  Marine x2  
  84  20:10  Marine x2  
  92  20:19  Marine  
  93  20:21  Barracks  
  93  20:23  Barracks  
  93  20:25  Marine  
  93  20:26  Marine x4  
  93  20:27  Marine x3  
  93  20:28  Marine  
  102  20:37  Marine  
  103  20:43  Ghost, Marine  
  103  20:44  Marine x3  
  103  20:45  Marine x3  
  112  20:54  Ghost  
  110  20:58  Liberator x3  
  110  21:00  Marine  
  110  21:01  Marine x4  
  110  21:03  Marine x2  
  110  21:04  Marine  
  83  21:13  Marauder  
  83  21:18  Marine  
  86  21:19  Marine x4  
  86  21:20  Marine  
  86  21:21  Marine x2  
  86  21:24  SCV x2, Marauder  
  86  21:34  Marine  
  86  21:38  Personal Cloaking  
  85  21:45  Marauder  
  85  21:46  Marine  
  88  21:52  Marauder  
  89  21:58  Medivac  
  90  22:06  Marauder  
  53  22:14  Marine x9  
  51  22:27  Marine  
  52  22:31  Marine  
  52  22:32  Marine x7  
  52  22:33  Marauder  
  62  22:40  Orbital Command  
  62  22:45  Supply Depot  
  62  22:46  Marauder  
  62  22:49  Marine  
  62  22:50  Marine x7  
  72  22:53  Orbital Command  
  72  22:54  Marauder  
  74  22:58  Supply Depot  
  74  23:07  Marine x3, Marauder  
  74  23:08  Marine x5  
  74  23:10  SCV  
  85  23:16  Marauder  
  87  23:22  SCV  
  87  23:25  Marine x2  
  91  23:34  SCV  
  91  23:39  Marine x2  
  91  23:40  Marauder x2  
  97  23:44  Medivac x3  
  97  23:46  SCV  
  87  23:49  Marine  
  83  23:57  Marine  
  83  23:58  Marine x2  
  83  24:01  Marauder x2  
  91  24:07  Missile Turret  
  91  24:08  Missile Turret x2  
  86  24:37  Marine  
  86  24:38  Marine x9  
Tags
 
Add a new tag
Caveats
  • Supply blocks, unpowered buildings, or Contaminate may cause inaccurate times.
  • Supply counts are checked every 10 seconds.